[ AOE2 MATCH · #505578067 ]
UnrankedCumans vs Berbers
Player's team · LOSS
Rival team · WIN
[ REPLAY ANALYSIS · EXTRACTED FROM THE RECORDED GAME ]
Feudal
11:32
Castle
22:18
Imperial
41:44
| APM avg | 66.8 |
| APM peak | 100 |
| eAPM avg | 36.1 |
| Villagers / military | 184 / 256 |
Focus
⚔️ 41.8% · 🌾 58.2%
Archer ×121 · Spearman ×54 · Knight ×32 · Camel Scout ×16 · Scout Cavalry ×13 · Militia ×5
Feudal
9:16
Castle
20:20
Imperial
43:38
| APM avg | 74.8 |
| APM peak | 120 |
| eAPM avg | 42.4 |
| Villagers / military | 168 / 175 |
Focus
⚔️ 43.0% · 🌾 57.0%
Camel Scout ×59 · Archer ×54 · Knight ×38 · Mangonel ×9 · Scout Cavalry ×6 · Scorpion ×4
Match map
Initial resources + every placement click. Lines = walls · curves = elevation contours. ◆ gold · ⬟ stone · ● berries · ✦ relic · ◌ wall gap
Your base· ✓ Closed at 22:18 · 52t walls · no gate
Jeffin's base· ✓ Closed at 20:20 · 48t walls · no gate
Smoothed initial terrain · ◌ = detected wall gap · hover for details
Inputs per minute
— DGHIR | Feyern - - Jeffin
Build order — DGHIR | Feyern
First 150 of 660 actions detected
| 0:00 | Queue | Villager (Male) |
| 0:02 | Build | House |
| 0:03 | Build | House |
| 0:05 | Queue | Villager (Male) |
| 0:13 | Queue | Villager (Male) |
| 0:13 | Queue | Villager (Male) |
| 1:26 | Queue | Villager (Male) |
| 1:49 | Queue | Villager (Male) |
| 1:53 | Build | Lumber Camp |
| 1:57 | Build | Lumber Camp |
| 2:19 | Queue | Villager (Male) |
| 2:42 | Queue | Villager (Male) |
| 3:02 | Queue | Villager (Male) |
| 3:32 | Queue | Villager (Male) |
| 3:52 | Build | House |
| 3:52 | Build | House |
| 3:59 | Queue | Villager (Male) |
| 4:36 | Queue | Villager (Male) |
| 4:36 | Queue | Villager (Male) |
| 4:53 | Build | Barracks |
| 4:54 | Queue | Villager (Male) |
| 5:19 | Queue | Villager (Male) |
| 5:42 | Queue | Villager (Male) |
| 5:54 | Queue | Militia |
| 5:56 | Build | Palisade Wall |
| 5:57 | Build | Palisade Wall |
| 6:10 | Queue | Militia |
| 6:20 | Build | Mill |
| 6:26 | Queue | Militia |
| 6:38 | Queue | Villager (Male) |
| 6:55 | Queue | Villager (Male) |
| 7:04 | Build | Palisade Wall |
| 7:14 | Queue | Villager (Male) |
| 7:18 | Build | House |
| 7:23 | Research | Loom |
| 7:27 | Queue | Villager (Male) |
| 7:57 | Build | Palisade Wall |
| 8:15 | Queue | Villager (Male) |
| 8:23 | Build | Palisade Wall |
| 8:40 | Queue | Villager (Male) |
| 9:23 | Research | Feudal Age |
| 9:28 | Build | Lumber Camp |
| 9:32 | Build | Palisade Wall |
| 10:23 | Build | Palisade Wall |
| 10:31 | Build | Palisade Wall |
| 10:36 | Build | House |
| 10:53 | Build | Mining Camp |
| 11:10 | Build | Mill |
| 11:30 | Build | House |
| 11:32 | Age | Feudal Age |
| 11:34 | Queue | Villager (Male) |
| 11:36 | Research | Double-Bit Axe |
| 12:08 | Queue | Villager (Male) |
| 12:13 | Queue | Villager (Male) |
| 12:20 | Research | Man-at-Arms (upgrade) |
| 12:21 | Queue | Villager (Male) |
| 12:23 | Build | House |
| 12:24 | Queue | Villager (Male) |
| 12:27 | Build | Archery Range |
| 12:31 | Build | Farm |
| 12:32 | Build | Farm |
| 12:36 | Build | Farm |
| 12:38 | Build | Farm |
| 12:54 | Build | House |
| 13:02 | Queue | Villager (Male) |
| 13:07 | Build | Farm |
| 13:11 | Research | Horse Collar |
| 13:12 | Queue | Villager (Male) |
| 13:15 | Build | Farm |
| 13:18 | Build | Farm |
| 13:25 | Build | House |
| 13:26 | Queue | Villager (Male) |
| 13:31 | Queue | Archer |
| 13:31 | Queue | Archer |
| 13:37 | Queue | Spearman |
| 13:42 | Queue | Villager (Male) |
| 13:48 | Build | House |
| 13:54 | Queue | Villager (Male) |
| 13:58 | Build | Farm |
| 14:05 | Build | Farm |
| 14:10 | Queue | Archer |
| 14:13 | Queue | Villager (Male) |
| 14:22 | Build | Farm |
| 14:47 | Queue | Spearman |
| 14:56 | Queue | Archer |
| 14:59 | Queue | Villager (Male) |
| 15:04 | Build | Blacksmith |
| 15:07 | Queue | Villager (Male) |
| 15:09 | Queue | Archer |
| 15:11 | Queue | Villager (Male) |
| 15:13 | Build | House |
| 15:25 | Queue | Spearman |
| 15:31 | Build | Farm |
| 15:42 | Build | House |
| 15:50 | Queue | Militia |
| 15:57 | Queue | Spearman |
| 16:04 | Research | Fletching |
| 16:07 | Queue | Villager (Male) |
| 16:10 | Build | Farm |
| 16:13 | Queue | Villager (Male) |
| 16:15 | Queue | Archer |
| 16:26 | Build | Farm |
| 16:29 | Build | Farm |
| 16:41 | Queue | Villager (Male) |
| 16:49 | Build | Farm |
| 16:54 | Build | House |
| 16:56 | Queue | Villager (Male) |
| 17:11 | Build | Stable |
| 17:12 | Queue | Villager (Male) |
| 17:16 | Queue | Spearman |
| 17:21 | Queue | Villager (Male) |
| 17:30 | Queue | Archer |
| 17:40 | Build | Farm |
| 17:46 | Queue | Archer |
| 17:51 | Build | House |
| 17:54 | Build | House |
| 17:57 | Queue | Villager (Male) |
| 17:59 | Queue | Scout Cavalry |
| 17:59 | Queue | Scout Cavalry |
| 18:03 | Queue | Villager (Male) |
| 18:11 | Queue | Villager (Male) |
| 18:17 | Queue | Archer |
| 18:20 | Queue | Scout Cavalry |
| 18:20 | Queue | Scout Cavalry |
| 18:24 | Queue | Scout Cavalry |
| 18:26 | Queue | Villager (Male) |
| 18:28 | Build | Farm |
| 18:29 | Build | Farm |
| 18:42 | Queue | Scout Cavalry |
| 18:45 | Build | Farm |
| 18:56 | Queue | Archer |
| 19:11 | Build | Farm |
| 19:37 | Research | Castle Age |
| 19:38 | Research | Castle Age |
| 19:48 | Build | Town Center |
| 19:58 | Research | Padded Archer Armor |
| 20:00 | Queue | Archer |
| 20:19 | Queue | Villager (Male) |
| 20:36 | Queue | Archer |
| 20:37 | Queue | Villager (Male) |
| 20:48 | Build | Archery Range |
| 20:52 | Queue | Villager (Male) |
| 21:10 | Queue | Archer |
| 21:13 | Queue | Villager (Male) |
| 21:29 | Build | House |
| 21:30 | Build | House |
| 21:33 | Queue | Archer |
| 21:41 | Research | Gold Mining |
| 21:41 | Research | Gold Mining |
| 21:44 | Queue | Villager (Male) |
Build order — Jeffin
First 150 of 602 actions detected
| 0:00 | Queue | Villager (Male) ×4 |
| 0:01 | Queue | Villager (Male) ×4 |
| 0:02 | Build | House |
| 0:03 | Build | House |
| 1:25 | Queue | Villager (Male) |
| 1:55 | Queue | Villager (Male) |
| 1:55 | Queue | Villager (Male) |
| 2:16 | Build | Lumber Camp |
| 2:21 | Queue | Villager (Male) |
| 2:46 | Queue | Villager (Male) |
| 3:02 | Queue | Villager (Male) |
| 3:30 | Queue | Villager (Male) |
| 3:50 | Build | House |
| 3:52 | Build | House |
| 3:54 | Build | Palisade Wall |
| 3:55 | Build | Palisade Wall |
| 3:59 | Queue | Villager (Male) |
| 4:04 | Queue | Villager (Male) |
| 4:45 | Queue | Villager (Male) |
| 4:45 | Queue | Villager (Male) |
| 4:45 | Queue | Villager (Male) |
| 5:19 | Build | Mill |
| 6:11 | Queue | Villager (Male) |
| 6:28 | Research | Loom |
| 6:59 | Research | Feudal Age |
| 8:21 | Build | Barracks |
| 8:40 | Queue | Villager (Male) |
| 9:16 | Age | Feudal Age |
| 9:26 | Build | Stable |
| 9:37 | Queue | Villager (Male) |
| 9:49 | Build | Palisade Wall |
| 9:56 | Queue | Villager (Male) |
| 9:57 | Queue | Spearman |
| 10:01 | Build | Palisade Wall |
| 10:02 | Build | Palisade Wall |
| 10:21 | Queue | Villager (Male) |
| 10:23 | Queue | Scout Cavalry |
| 10:24 | Build | Mill |
| 10:26 | Queue | Villager (Male) |
| 10:33 | Build | Farm |
| 10:36 | Build | Farm |
| 10:39 | Queue | Scout Cavalry |
| 10:40 | Queue | Scout Cavalry |
| 10:54 | Build | House |
| 11:00 | Build | Farm |
| 11:00 | Build | Farm |
| 11:03 | Build | House |
| 11:18 | Build | House |
| 11:21 | Build | Farm |
| 11:26 | Queue | Villager (Male) |
| 11:30 | Queue | Scout Cavalry |
| 11:33 | Build | House |
| 11:39 | Build | Palisade Wall |
| 11:41 | Build | Palisade Wall |
| 11:41 | Build | Palisade Wall |
| 11:42 | Build | Palisade Wall |
| 11:52 | Build | Palisade Wall |
| 11:54 | Build | Palisade Wall |
| 11:55 | Build | Palisade Wall |
| 12:08 | Queue | Scout Cavalry |
| 12:15 | Build | Farm |
| 12:19 | Build | Palisade Wall |
| 12:20 | Build | Palisade Wall |
| 12:22 | Build | Palisade Wall |
| 12:23 | Build | Palisade Wall |
| 12:30 | Queue | Villager (Male) |
| 12:30 | Queue | Villager (Male) |
| 12:31 | Build | Farm |
| 12:33 | Build | House |
| 12:35 | Build | Farm |
| 12:58 | Build | Palisade Wall |
| 13:10 | Queue | Villager (Male) |
| 13:13 | Build | Mining Camp |
| 13:22 | Queue | Scout Cavalry |
| 13:31 | Queue | Villager (Male) |
| 13:42 | Build | Farm |
| 13:44 | Build | Farm |
| 13:59 | Queue | Villager (Male) |
| 14:18 | Build | Archery Range |
| 14:22 | Queue | Villager (Male) |
| 14:49 | Queue | Villager (Male) |
| 14:52 | Build | Palisade Wall |
| 14:56 | Build | Palisade Wall |
| 14:57 | Build | Palisade Wall |
| 15:07 | Queue | Villager (Male) |
| 15:18 | Build | Palisade Wall |
| 15:21 | Queue | Archer |
| 15:22 | Build | House |
| 15:25 | Build | Palisade Wall |
| 15:28 | Queue | Villager (Male) |
| 15:44 | Research | Double-Bit Axe |
| 15:54 | Queue | Archer |
| 15:58 | Build | Palisade Wall |
| 16:05 | Queue | Villager (Male) |
| 16:39 | Build | Blacksmith |
| 16:43 | Build | House |
| 16:44 | Build | House |
| 16:49 | Queue | Villager (Male) |
| 16:55 | Queue | Archer |
| 17:40 | Research | Castle Age |
| 17:41 | Queue | Archer |
| 17:51 | Build | Lumber Camp |
| 18:01 | Build | Farm |
| 18:16 | Queue | Archer |
| 18:20 | Research | Fletching |
| 18:27 | Build | Archery Range |
| 18:33 | Queue | Archer |
| 18:48 | Queue | Archer |
| 18:54 | Research | Padded Archer Armor |
| 18:56 | Queue | Villager (Male) |
| 19:04 | Build | House |
| 19:06 | Build | House |
| 19:13 | Queue | Archer |
| 19:24 | Queue | Archer |
| 19:38 | Build | House |
| 19:38 | Build | House |
| 19:43 | Queue | Archer |
| 20:00 | Build | Farm |
| 20:01 | Build | Farm |
| 20:20 | Age | Castle Age |
| 20:23 | Research | Crossbowman (upgrade) |
| 20:24 | Research | Bodkin Arrow |
| 20:33 | Queue | Villager (Male) |
| 20:37 | Build | University |
| 20:41 | Queue | Archer |
| 20:49 | Build | Farm |
| 20:50 | Build | Farm |
| 20:52 | Queue | Villager (Male) |
| 21:27 | Research | Bow Saw |
| 21:38 | Build | Farm |
| 21:40 | Build | Farm |
| 21:54 | Queue | Villager (Male) |
| 21:58 | Build | Farm |
| 22:06 | Build | Siege Workshop |
| 22:11 | Queue | Villager (Male) |
| 22:12 | Build | House |
| 22:14 | Queue | Archer |
| 22:22 | Queue | Archer |
| 22:28 | Queue | Villager (Male) |
| 22:51 | Queue | Villager (Male) |
| 22:55 | Build | University |
| 22:59 | Build | House |
| 23:08 | Build | House |
| 23:09 | Build | House |
| 23:18 | Queue | Mangonel |
| 23:31 | Queue | Villager (Male) |
| 23:36 | Build | House |
| 23:43 | Build | House |
| 23:43 | Build | House |
| 23:44 | Build | House |
Match timeline
| 3:54 | Jeffin · wall_segment Palisade Wall x1 |
| 3:55 | Jeffin · wall_segment Palisade Wall x1 |
| 4:53 | DGHIR | Feyern · first_building Barracks |
| 5:56 | DGHIR | Feyern · wall_segment Palisade Wall x2 |
| 5:57 | DGHIR | Feyern · wall_segment Palisade Wall x6 |
| 7:04 | DGHIR | Feyern · wall_segment Palisade Wall x12 |
| 7:57 | DGHIR | Feyern · wall_segment Palisade Wall x14 |
| 8:21 | Jeffin · first_building Barracks |
| 8:23 | DGHIR | Feyern · wall_segment Palisade Wall x13 |
| 9:16 | Jeffin · age_up feudal |
| 9:26 | Jeffin · first_building Stable |
| 9:32 | DGHIR | Feyern · wall_segment Palisade Wall x1 |
| 9:49 | Jeffin · wall_segment Palisade Wall x1 |
| 10:01 | Jeffin · wall_segment Palisade Wall x1 |
| 10:02 | Jeffin · wall_segment Palisade Wall x1 |
| 10:23 | DGHIR | Feyern · wall_segment Palisade Wall x3 |
| 10:31 | DGHIR | Feyern · wall_segment Palisade Wall x1 |
| 11:32 | DGHIR | Feyern · age_up feudal |
| 11:39 | Jeffin · wall_segment Palisade Wall x1 |
| 11:41 | Jeffin · wall_segment Palisade Wall x1 |
| 11:41 | Jeffin · wall_segment Palisade Wall x1 |
| 11:42 | Jeffin · wall_segment Palisade Wall x1 |
| 11:52 | Jeffin · wall_segment Palisade Wall x1 |
| 11:54 | Jeffin · wall_segment Palisade Wall x1 |
| 11:55 | Jeffin · wall_segment Palisade Wall x1 |
| 12:19 | Jeffin · wall_segment Palisade Wall x1 |
| 12:20 | Jeffin · wall_segment Palisade Wall x1 |
| 12:22 | Jeffin · wall_segment Palisade Wall x1 |
| 12:23 | Jeffin · wall_segment Palisade Wall x1 |
| 12:27 | DGHIR | Feyern · first_building Archery Range |
| 12:58 | Jeffin · wall_segment Palisade Wall x1 |
| 14:18 | Jeffin · first_building Archery Range |
| 14:52 | Jeffin · wall_segment Palisade Wall x6 |
| 14:56 | Jeffin · wall_segment Palisade Wall x10 |
| 14:57 | Jeffin · wall_segment Palisade Wall x1 |
| 15:18 | Jeffin · wall_segment Palisade Wall x6 |
| 15:25 | Jeffin · wall_segment Palisade Wall x7 |
| 15:58 | Jeffin · wall_segment Palisade Wall x1 |
| 17:11 | DGHIR | Feyern · first_building Stable |
| 20:20 | Jeffin · age_up castle |
| 22:06 | Jeffin · first_building Siege Workshop |
| 22:18 | DGHIR | Feyern · age_up castle |
| 25:12 | DGHIR | Feyern · first_building Siege Workshop |
| 29:34 | DGHIR | Feyern · first_market_sell 100 wood |
| 35:02 | DGHIR | Feyern · first_market_buy 100 wood |
| 36:50 | DGHIR | Feyern · first_building Castle |
| 40:11 | Jeffin · wall_segment Palisade Wall x1 |
| 40:13 | Jeffin · wall_segment Palisade Wall x1 |
| 40:14 | Jeffin · wall_segment Palisade Wall x1 |
| 41:03 | Jeffin · first_building Castle |
| 41:44 | DGHIR | Feyern · age_up imperial |
| 42:49 | Jeffin · first_building Monastery |
| 43:38 | Jeffin · age_up imperial |
| 44:59 | Jeffin · wall_segment Palisade Wall x1 |
| 48:23 | DGHIR | Feyern · resign |
[ AI ANALYSIS · 1 CREDIT ]
What really happened in this match?
Wolo.gg analyzes every decision: build order, eco, micro, common mistakes by bracket. Personalized analysis on WhatsApp or Discord in 30 seconds.
Civ guide
Cumans
Perfil
DGHIR | Feyern